 Dungeon Crawl Stone Soup version 0.23.2-1-ga50397a (webtiles) character file.

Game seed: 13837710092346121301

123 Borgoz the Cudgeler (level 5, -4/33 HPs)
             Began as a Gargoyle Monk on May 25, 2019.
             Was a Believer of Okawaru.
             Slain by a gnoll
             ... wielding a +0 halberd
              (9 damage)
             ... on level 3 of the Dungeon.
             The game lasted 00:03:38 (1961 turns).

Borgoz the Cudgeler (Gargoyle Monk)                 Turns: 1961, Time: 00:03:39

Health: -4/33      AC: 12    Str: 16    XL:     5   Next: 7%
Magic:  5/5        EV: 12    Int: 10    God:    Okawaru [**....]
Gold:   43         SH:  0    Dex: 12    Spells: 4/4 levels left

rFire    . . .     SeeInvis .   d - +0 mace
rCold    . . .     Gourm    .   (no shield)
rNeg     + . .     Faith    .   o - +0 ring mail
rPois    ∞         Spirit   .   (no helmet)
rElec    +         Reflect  .   (no cloak)
rCorr    .         Harm     .   (no gloves)
MR       .....                  (no boots)
Stlth    +.........             (no amulet)
HPRegen  0.11/turn              (no ring)
MPRegen  0.09/turn              j - +3 ring of protection

@: no status effects
A: negative energy resistance 1, electricity resistance, unbreathing,
petrification resistance, rot immunity, AC +4
a: Heroism, Renounce Religion


You were on level 3 of the Dungeon.
You worshipped Okawaru.
Okawaru was pleased with you.
You were not hungry.

You visited 1 branch of the dungeon, and saw 3 of its levels.

You collected 43 gold pieces.

Inventory:

Hand Weapons
 d - a +0 mace (weapon)
Armour
 o - a +0 ring mail (worn)
Jewellery
 f - an uncursed ring of flight
 j - a +3 ring of protection (right hand)
 k - an uncursed ring of ice
Wands
 n - a wand of paralysis (10)
Scrolls
 b - a scroll of fog {unknown}
 e - 2 scrolls of teleportation {unknown}
 g - a scroll of immolation {unknown}
 l - 3 scrolls of enchant armour {unknown}
Potions
 a - 2 potions of invisibility
 i - a potion of curing
 m - 2 potions of heal wounds
 p - a potion of brilliance {unknown}
Comestibles
 c - 7 rations
 h - 4 chunks of flesh


   Skills:
 + Level 3.9 Fighting
 * Level 4.0 Maces & Flails
 * Level 1.7 Armour
 * Level 3.3 Dodging
 - Level 2.1 Stealth


You had 4 spell levels left.
You didn't know any spells.
Your spell library was empty.

Dungeon Overview and Level Annotations

Branches:
Dungeon (3/15)

Altars:
Okawaru


Innate Abilities, Weirdness & Mutations

You are resistant to torment.
Your stone body is resilient. (AC +4)
You are immune to poison.
You resist negative energy. (rN+)
You are resistant to electric shocks. (rElec)
You can survive without breathing.
You are immune to petrification.
You are immune to rotting.


Message History

You kill the gnoll!
Okawaru accepts your kill.
You have reached level 5!
The gnoll closely misses you. The gnoll misses you.
The gnoll hits you with a +0 halberd.
Things that are here:
a +0 spear; a gnoll corpse You closely miss the gnoll.
The gnoll completely misses you.
You sock the gnoll!
The gnoll is heavily wounded.
The gnoll hits you but does no damage.
You hit the gnoll.
The gnoll is severely wounded.
The gnoll hits you with a +0 halberd!
* * * LOW HITPOINT WARNING * * *
You closely miss the gnoll.
The gnoll is severely wounded.
The gnoll hits you with a +0 halberd!
You die...

###### .....#
####.###########
####.#.........#
.......#######.###
.###.............###
.###..####.........#
.......# #.##....#.#
.......# #.##..#@# #
.###...#
#.##..#g....... .#
#...###.##..#.#.####.
.###........#..#>#.#
.)............##.# #
.####.####..#.##.#
.####.####..#.##.#
..................
#.###............#


You could see a gnoll.

Vanquished Creatures
  2 gnolls (D:3)
  2 adders (D:3)
  2 oozes
  3 dart slugs
  2 worms (D:2)
  3 leopard geckos (D:3)
  4 bats
  5 giant cockroaches
  3 goblins
  9 hobgoblins
  4 jackals
  7 kobolds
  2 quokkas
  A ball python (D:1)
  3 frilled lizards (D:1)
  10 rats
62 creatures vanquished.

Notes
Turn   | Place    | Note
-------+----------+-------------------------------------------
     0 | D:1      | Borgoz the Gargoyle Monk began the quest for the Orb.
     0 | D:1      | Reached XP level 1. HP: 14/14 MP: 1/1
   181 | D:1      | Reached XP level 2. HP: 18/19 MP: 2/2
   666 | D:1      | Reached XP level 3. HP: 17/23 MP: 3/3
   949 | D:2      | Found an iron altar of Okawaru.
   969 | D:2      | Became a worshipper of Warmaster Okawaru
   969 | D:2      | Reached * piety under Okawaru
   969 | D:2      | Reached ** piety under Okawaru
  1351 | D:2      | Reached XP level 4. HP: 29/29 MP: 4/4
  1647 | D:3      | Reached skill level 1 in Armour
  1949 | D:3      | Reached skill level 4 in Maces & Flails
  1955 | D:3      | Reached XP level 5. HP: 18/33 MP: 5/5
  1961 | D:3      | Slain by a gnoll

Skill      XL: |  1  2  3  4 |
---------------+-------------+-----
Dodging        | 3 |  3.3
Armour         | 1 |  1.7
Maces & Flails | 4 |  4.0
Fighting       | |  3.9
Stealth        | |  2.1

Action                   |  1- 3 |  4- 6 || total
-------------------------+-------+-------++-------
Melee: Mace              |   134 |    92 ||   226
  Use: Scroll            |     3 |     2 ||     5
 Stab: Sleeping          |     4 |     1 ||     5
  Eat: Chunk             |     2 |     2 ||     4
Armor: Robe              |    46 |       ||    46
       Ring mail         |       |    46 ||    46
Dodge: Dodged            |   111 |    80 ||   191
